 Dungeon Crawl Stone Soup version 0.28-a0-796-gd4f0d3f9b2 (webtiles) character file.

Game seed: 18109061600029230692

74 Decritt the Chiller (level 4, -6/30 HPs)
             Began as a Merfolk Ice Elementalist on Nov 6, 2021.
             Mangled by Terence (11 damage)
             ... on level 2 of the Dungeon.
             The game lasted 00:07:41 (2425 turns).

Decritt the Chiller (Merfolk Ice Elementalist)      Turns: 2425, Time: 00:07:42

Health: -6/30      AC:  2    Str:  9    XL:     4   Next: 30%
Magic:  0/8        EV: 12    Int: 14    God:
Gold:   134        SH:  0    Dex: 14    Spells: 7/8 levels left

rFire   . . .      SeeInvis .   d - +0 short sword
rCold   . . .      Faith    .   (no shield)
rNeg    . . .      Spirit   .   a - +0 robe
rPois   .          Reflect  .   (no helmet)
rElec   .          Harm     .   (no cloak)
rCorr   .          Rampage  .   (no gloves)
Will    .....                   (no boots)
Stlth   ++........              (no amulet)
HPRegen 0.10/turn               (no ring)
MPRegen 0.11/turn               (no ring)

@: no status effects
A: (nimble swimmer 2), mertail
a: no special abilities


You were on level 2 of the Dungeon.
You visited 1 branch of the dungeon, and saw 2 of its levels.

You collected 134 gold pieces.

Inventory:

Hand Weapons
 d - a +0 short sword (weapon)
Armour
 a - a +0 robe (worn)
 c - a +0 scale mail of poison resistance
Jewellery
 m - a ring of ice
Scrolls
 b - a scroll of summoning {unknown}
 e - a scroll of teleportation {unknown}
 f - a scroll of identify {unknown}
 g - a scroll of amnesia {unknown}
 j - a scroll of enchant armour {unknown}
 n - a scroll of immolation {unknown}
Potions
 h - a potion of invisibility {unknown}
 i - a potion of ambrosia {unknown}
 k - a potion of mutation {unknown}
 l - a potion of curing {unknown}


   Skills:
 - Level 2.6 Dodging
 - Level 2.1 Stealth
 + Level 2.8 Spellcasting
 * Level 5.7 Ice Magic


You had 7 spell levels left.
You knew the following spells:

 Your Spells              Type           Power      Damage    Failure   Level
a - Freeze                Ice            68%        1d8       1%          1

Your spell library contained the following spells:

 Spells                   Type           Power      Damage    Failure   Level
 Frozen Ramparts          Ice            34%        1d5       6%          3
 Ozocubu's Armour         Ice            17%        N/A       6%          3
 Hailstorm                Conj/Ice       9%         3d4       56%         4


Dungeon Overview and Level Annotations

Branches:
Dungeon (2/15)

Altars:

Shops:
D:1 (

Annotations:
D:2 Natasha, Terence


Innate Abilities, Weirdness & Mutations

((You are quick and stealthy near water. (Stealth+, EV+, Speed+++)))
Your lower body shifts to a powerful aquatic tail in water.


Message History

Aim: Terence, wielding a +0 flail and wearing a +0 chain mail (heavily wounded, unusually resistant)
You freeze Terence.
Terence resists.
Terence is severely wounded.
Terence screams, "I want your blood!" Terence hits you with a +0 flail.
* * * LOW HITPOINT WARNING * * *
Casting: Freeze (safe; 1% risk of failure)
Confirm with . or Enter, or press ? or * to list all spells.
Aiming: Freeze (safe; 1% risk of failure)
Press: ? - help, Shift-Dir - straight line, f/p - Terence
Aim: Terence, wielding a +0 flail and wearing a +0 chain mail (severely wounded, unusually resistant)
You freeze Terence but do no damage.
Terence completely resists.
Terence barely misses you.
Casting: Freeze (safe; 1% risk of failure)
Confirm with . or Enter, or press ? or * to list all spells.
Aiming: Freeze (safe; 1% risk of failure)
Press: ? - help, Shift-Dir - straight line, f/p - Terence
Aim: Terence, wielding a +0 flail and wearing a +0 chain mail (severely wounded, unusually resistant)
You freeze Terence.
Terence resists.
Terence is severely wounded.
Terence closely misses you.
You hit Terence but do no damage.
Terence is severely wounded.
Terence barely misses you.
You hit Terence.
Terence is almost dead.
Terence bares his teeth.
Terence closely misses you. Terence hits you with a +0 flail.
* * * LOW HITPOINT WARNING * * *
You hit Terence but do no damage.
Terence is almost dead.
Terence hits you with a +0 flail.
* * * LOW HITPOINT WARNING * * *
You barely miss Terence.
Terence is almost dead.
Terence barely misses you.
You closely miss Terence.
Terence is almost dead.
Terence hits you with a +0 flail!
You die...

##†######8..# #.####...#<#
#.g#### ##..# #...†....#.#
....@.# #+## #.###......# #####g#
##.# #.#.#### #.# #..###.#...#
#####.# #......###.###
....#.########## #<..###......##
....'.@....#...####.....#.###...#
...†#####....#)@@....##.#.###.#.#
....# #......######.....#........
....# #......# ##.####..###...
....# #......# #.# #.##.##..
....# #......# #.# #.#...#..
....# #......# #.# #..###...
.#### #......# #.# ##.#...#.. .#
#.......######.#....##.##..
###.#........##..#.#...


You could see Terence (resistant).

Vanquished Creatures
  2 adders (D:2)
  A dart slug (D:2)
  4 ball pythons
  5 endoplasms
  3 giant cockroaches
  3 hobgoblins
  9 jackals (D:1)
  2 quokkas
  3 bats
  4 frilled lizards
  4 goblins
  5 kobolds
  5 rats
50 creatures vanquished.

Notes
Turn   | Place    | Note
-------+----------+-------------------------------------------
     0 | D:1      | Decritt the Merfolk Ice Elementalist began the quest for
                  | the Orb.
     0 | D:1      | Reached XP level 1. HP: 13/13 MP: 3/3
   524 | D:1      | Reached XP level 2. HP: 19/19 MP: 1/5
   727 | D:1      | Found Payhenniap's Antique Weapon Shop.
  1003 | D:1      | Reached skill level 5 in Ice Magic
  1152 | D:1      | Reached XP level 3. HP: 17/24 MP: 1/6
  1945 | D:2      | Reached XP level 4. HP: 24/30 MP: 2/8
  2377 | D:2      | Noticed Terence
  2377 | D:2      | Noticed Natasha
  2425 | D:2      | Mangled by Terence

Illustrated notes

Levels and vault maps discovered:
D:1:      wheals_arrival_linesprint, layout_basic, serial_shops,
          nicolae_shop_stone
D:2:      minmay_chambers_of_twos, layout_basic, minmay_ruptured, uniq_robin,
          uniq_natasha, uniq_terence

Skill      XL: |  1  2 |
---------------+-------+-----
Ice Magic      | 5 |  5.7
Dodging        | |  2.6
Stealth        | |  2.1
Spellcasting   | |  2.8

Action                   |  1- 3 |  4- 6 || total
-------------------------+-------+-------++-------
Melee: Short sword       |    29 |     7 ||    36
 Cast: Freeze            |    44 |    23 ||    67
 Stab: Sleeping          |     1 |       ||     1
Armor: Robe              |     7 |       ||     7
Dodge: Dodged            |    53 |    15 ||    68

Table legend: (Time is in decaauts)
 A = Elapsed time spent in this place.
 B = Non-inter-level travel time spent in this place.
 C = Inter-level travel time spent in this place.
 D = Time resting spent in this place.
 E = Time spent auto-exploring this place.
 F = Levels seen in this place.
 G = Mean time per level.
                   A        B        C        D        E       F      G
               +--------+--------+--------+--------+--------+-----+--------+
         Total |   2426 |   2379 |     47 |    372 |   1678 |   2 | 1213.0 |
       Dungeon |   2426 |   2379 |     47 |    372 |   1678 |   2 | 1213.0 |
               +--------+--------+--------+--------+--------+-----+--------+

Top non-repeatable levels by time:
     D:1: 1739 daAuts
     D:2: 687 daAuts
